 Dungeon Crawl Stone Soup version 0.22.1-2-g9c5b331 (webtiles) character file.

1511 MalarOregon the Sneak (level 8, 0/61 HPs)
             Began as a Merfolk Ice Elementalist on Nov 15, 2018.
             Was an Initiate of Nemelex Xobeh.
             Slain by a wight
             ... wielding a +0 dire flail
              (15 damage)
             ... on level 6 of the Dungeon.
             The game lasted 00:20:42 (8724 turns).

MalarOregon the Sneak (Merfolk Ice Elementalist)    Turns: 8724, Time: 00:20:43

Health: 0/61       AC:  3    Str:  8    XL:     8   Next: 83%
Magic:  1/14       EV: 13    Int: 17    God:    Nemelex Xobeh [......]
Gold:   383        SH:  0    Dex: 14    Spells: 9/16 levels left

rFire    . . .     SeeInvis .   o - +3 spear (curse)
rCold    . . .     Gourm    .   (no shield)
rNeg     . . .     Faith    .   a - +0 robe
rPois    +         Spirit   .   u - +1 hat
rElec    .         Reflect  .   (no cloak)
rCorr    .         Harm     .   (no gloves)
MR       .....                  (no boots)
Stlth    +++.......             (no amulet)
HPRegen  0.20/turn              j - ring of poison resistance
MPRegen  0.14/turn              (no ring)

@: very slightly contaminated, drained
A: change form in water, swift swim, stealthy swim
a: Renounce Religion


You were on level 6 of the Dungeon.
You worshipped Nemelex Xobeh.
Nemelex Xobeh was noncommittal.
You were very hungry.

You visited 2 branches of the dungeon, and saw 7 of its levels.

You collected 383 gold pieces.

Inventory:

Hand Weapons
 o - a cursed +3 spear (weapon)
   (You took it off a wight on level 5 of the Dungeon)
Missiles
 i - 6 javelins (quivered)
Armour
 a - a +0 robe (worn)
 u - a +1 hat (worn)
   (You found it on level 3 of the Dungeon)
 y - a +0 buckler
   (You found it on level 5 of the Dungeon)
Jewellery
 j - a ring of poison resistance (left hand)
   (You found it on level 1 of the Dungeon)
Wands
 d - a wand of iceblast (9)
   (You found it on level 5 of the Dungeon)
 t - a wand of flame (16)
   (You took it off a kobold on level 3 of the Dungeon)
Scrolls
 b - a scroll of noise {unknown}
 c - 2 scrolls of remove curse {@r2}
 g - 2 scrolls of amnesia {unknown}
 h - a scroll of teleportation {@r4}
 k - a scroll of blinking
 m - a scroll of enchant weapon {unknown}
Potions
 f - 3 potions of ambrosia {unknown}
 l - a potion of might
 n - 3 potions of curing {unknown}
 p - 2 potions of heal wounds {@q2}
 q - 2 potions of flight {unknown}
 r - a potion of berserk rage {unknown}
 s - a potion of lignification {unknown}
 v - a potion of mutation {unknown}
 z - a potion of agility {unknown}
Comestibles
 e - 4 rations {!d}


   Skills:
 + Level 4.7(4.4) Fighting
 + Level 0.2(0.0) Polearms
 - Level 3.0(2.6) Dodging
 + Level 5.8(5.5) Stealth
 + Level 2.4(2.0) Shields
 + Level 4.6(4.3) Spellcasting
 - Level 4.0(3.7) Conjurations
 - Level 5.0(4.7) Ice Magic
 + Level 2.1(1.8) Invocations


You had 9 spell levels left.
You knew the following spells:

 Your Spells              Type           Power        Failure   Level  Hunger
a - Freeze                Ice            ###.         2%          1    None
c - Throw Icicle          Conj/Ice       ###.....     26%         4    ####...
x - Throw Frost           Conj/Ice       ###...       4%          2    ##.....

Your spell library contained the following spells:

 Spells                   Type           Power        Failure   Level  Hunger
 Animate Skeleton         Necr           N/A          16%         1    None
 Apportation              Tloc           #.....       16%         1    None
 Confusing Touch          Hex            #.....       16%         1    None
 Summon Small Mammal      Summ           #...         16%         1    None
 Ozocubu's Armour         Chrm/Ice       ##......     17%         3    ###....
 Summon Ice Beast         Ice/Summ       ##......     50%         4    ####...


Dungeon Overview and Level Annotations

Branches:
Dungeon (6/15)             Temple (1/1) D:4

Altars:
Ashenzari
Cheibriados
Dithmenos
Elyvilon
Fedhas
Gozag
Nemelex Xobeh
Qazlal
Ru
Sif Muna
Trog
Uskayaw
Vehumet
Wu Jian
Xom
Zin
The Shining One

Shops:
D:4 [   D:6 !

Annotations:
D:2 Robin
D:6 Edmund, Grinder


Message History

The jackal misses you.
An orc comes into view. It is wielding a flail.
Aim: a jackal You freeze the jackal.
You kill the jackal!
Edmund the Younger comes into view.
He is wielding a flail of draining.
A wight comes into view. It is wielding a dire flail.
Aim: an orc wizard, wielding a dagger and wearing a robe You freeze the orc wizard.
Edmund shouts!
The orc wizard barely misses you.
A wight comes into view. It is wielding a great sword.
Aim: an orc wizard, wielding a dagger and wearing a robe (lightly wounded)
You freeze the orc wizard.
The orc wizard looks braver for a moment.
Aim: an orc wizard, wielding a dagger and wearing a robe (moderately wounded)
You freeze the orc wizard. The orc wizard casts a spell at you.
The magic dart hits you!
Aim: an orc wizard, wielding a dagger and wearing a robe (almost dead)
You freeze the orc wizard.
You kill the orc wizard!
The orc priest invokes the aid of Beogh against you.
Beogh smites you!
Aim: an orc, wielding a short sword of venom You freeze the orc.
You kill the orc!
Aim: a wight, wielding a dire flail and wearing a robe
Okay, then.
You hit the wight but do no damage. The wight hits you with a dire flail!
You hit the wight.
Grinder blinks!
The wight barely misses you.
You barely miss the wight. The wight hits you with a dire flail.
* * * LOW HITPOINT WARNING * * *
You feel drained.
* * * LOW HITPOINT WARNING * * *
Aim: a wight, wielding a dire flail and wearing a robe (lightly damaged)
You miscast Throw Icicle.
You are very lightly contaminated with residual magic.
You hear a crackling sound.
The wight closely misses you.
Aim: a wight, wielding a dire flail and wearing a robe (lightly damaged)
The shard of ice hits the wight.
You are feeling very hungry.
The orc priest mumbles some strange prayers to Beogh against you.
Beogh smites you!
* * * LOW HITPOINT WARNING * * *
Edmund says, "People will remember me!
They'll remember me and die!"
The wight hits you with a dire flail!
You die...
Your body disappears without a glow.

###)# #........#......# #.#
.##.# ####.###........###.#
#.#.# ### #.# #............#
..#.###.###.#####.#...######
.............# #.##.##
#..).........# #.##.#
#..........#.# #.##.#
............o####.##.#
#........(..oozz@.##.#
#...#.....##@#######.#
)........###.# #.#
..)####..# #.#######.# ##)#
#..# #.........# ..... . .#
#.######### ....... # #h#
##.####.. #.# ##... . .M#


You could see Edmund, 2 wights, an orc priest and 2 orcs.

Vanquished Creatures
  Eustachio (D:5)
  Menkaure (D:5)
  The ghost of Kotlin the Conjurer, an amateur DECj of Vehumet (D:4)
  A phantom (D:5)
  An ice beast (D:5)
  3 ogres
  A wight (D:5)
  A crimson imp (D:6)
  2 bullfrog zombies
  3 orc wizards
  3 orc priests
  2 bullfrog skeletons
  Natasha (twice) (D:3)
  A worker ant (D:4)
  A hound zombie (D:5)
  4 gnolls (D:6)
  5 adders
  A shadow imp (D:5)
  2 oozes (D:4)
  5 leopard geckos
  15 orcs
  9 giant cockroaches
  11 goblins
  7 hobgoblins
  11 jackals
  A quokka (D:3)
  12 bats
  4 frilled lizards
  5 kobolds
  A leopard gecko skeleton (D:5)
  5 rats
122 creatures vanquished.

Vanquished Creatures (others)
  A phantom (D:5)
  2 withered plants (D:4)
3 creatures vanquished.

Grand Total: 125 creatures vanquished

Notes
Turn   | Place    | Note
-------+----------+-------------------------------------------
     0 | D:1      | MalarOregon the Merfolk Ice Elementalist began the quest
                  | for the Orb.
     0 | D:1      | Reached XP level 1. HP: 13/13 MP: 3/3
   300 | D:1      | Reached XP level 2. HP: 14/20 MP: 0/5
   721 | D:1      | Reached skill level 1 in Fighting
   854 | D:2      | Reached XP level 3. HP: 26/26 MP: 4/6
  1029 | D:2      | Noticed Robin
  1890 | D:3      | Found a white marble altar of Elyvilon.
  1976 | D:3      | Noticed Natasha
  1982 | D:3      | Killed Natasha
  1982 | D:3      | Reached XP level 4. HP: 25/33 MP: 2/7
  2151 | D:3      | Noticed Natasha
  2174 | D:3      | Killed Natasha
  2304 | D:3      | Reached XP level 5. HP: 26/38 MP: 0/9
  2404 | D:3      | Learned a level 2 spell: Throw Frost
  2728 | D:3      | Found a glowing golden altar of the Shining One.
  3037 | D:4      | Found a staircase to the Ecumenical Temple.
  3048 | Temple   | Entered the Ecumenical Temple
  3079 | Temple   | Became a worshipper of Nemelex Xobeh the Trickster
  3084 | Temple   | Received a gift from Nemelex Xobeh
  3223 | D:4      | Found Unaduud's Armour Boutique.
  3337 | D:4      | Reached skill level 1 in Conjurations
  3496 | D:4      | Found a runed door.
  3534 | D:4      | Noticed Kotlin's ghost (amateur DECj)
  3601 | D:4      | Found a deep blue altar of Sif Muna.
  4304 | D:4      | Learned a level 4 spell: Throw Icicle
  4312 | D:4      | Killed Kotlin's ghost
  4312 | D:4      | Reached XP level 6. HP: 27/46 MP: 1/11
  4454 | D:5      | Entered Level 5 of the Dungeon
  4752 | D:5      | Noticed a phantom
  5020 | D:5      | Reached XP level 7. HP: 45/52 MP: 12/12
  5068 | D:5      | Found a sacrificial altar of Ru.
  5152 | D:5      | Reached skill level 5 in Ice Magic
  5383 | D:5      | Noticed Eustachio
  5391 | D:5      | Killed Eustachio
  5615 | D:5      | Reached skill level 5 in Stealth
  6401 | D:5      | Reached skill level 1 in Shields
  6401 | D:5      | Reached XP level 8. HP: 14/60 MP: 5/14
  6964 | D:5      | Found a sacrificial altar of Ru.
  7233 | D:6      | Found Hiodynk's Distillery.
  7524 | D:6      | Reached * piety under Nemelex Xobeh
  7537 | D:6      | Reached skill level 1 in Invocations
  7925 | D:6      | Noticed Menkaure
  8129 | D:5      | Killed Menkaure
  8358 | D:6      | Noticed Grinder
  8714 | D:6      | Noticed Edmund
  8724 | D:6      | Slain by a wight

Skill      XL: |  1  2  3  4  5  6  7  8 |
---------------+-------------------------+-----
Dodging        | 3 |  3.0
Fighting       | 1 2 3 4 |  4.7
Stealth        | 3 4 5 |  5.8
Ice Magic      | 4 5 |  5.0
Spellcasting   | 3 4 |  4.6
Conjurations   | 1 3 4 |  4.0
Shields        | 1 2 |  2.4
Invocations    | 2 |  2.1
Polearms       | |  0.2

Action                   |  1- 3 |  4- 6 |  7- 9 || total
-------------------------+-------+-------+-------++-------
Melee: Unarmed           |    13 |     2 |       ||    15
       Quarterstaff      |       |    82 |     7 ||    89
       Falchion          |       |       |   102 ||   102
       Spear             |       |       |    25 ||    25
Throw: Javelin           |       |     8 |     1 ||     9
 Cast: Freeze            |    63 |    43 |    72 ||   178
       Throw Frost       |       |     1 |    20 ||    21
       Throw Icicle      |       |       |    12 ||    12
Evoke: Deck              |       |       |     4 ||     4
       Wand              |       |       |     5 ||     5
  Use: Scroll            |       |     5 |     1 ||     6
       Potion            |       |       |     2 ||     2
 Stab: Sleeping          |     1 |     3 |     1 ||     5
  Eat: Chunk             |     4 |     6 |     5 ||    15
       Ration            |       |     1 |     3 ||     4
Armor: Robe              |    13 |    20 |    25 ||    58
Dodge: Dodged            |    42 |    94 |   134 ||   270
       Rpst.: Falchion   |       |       |    33 ||    33
